 Dungeon Crawl Stone Soup version 0.29.1-14-g9c671dbff4 (webtiles) character file.

Game seed: 12398629238275784846

201 zeram the Magician (level 5, -6/24 HPs)
             Began as a Spriggan Summoner on Feb 19, 2023.
             Mangled by Menkaure (18 damage)
             ... on level 4 of the Dungeon.
             The game lasted 00:10:41 (5515 turns).

zeram the Magician (Spriggan Summoner)              Turns: 5515, Time: 00:10:41

Health: -6/24      AC:  6    Str:  4    XL:     5   Next: 50%
Magic:  9/13       EV: 18    Int: 18    God:
Gold:   147        SH:  0    Dex: 16    Spells: 0/13 levels left

rFire   . . .      SeeInvis +   n - +1 dagger (holy)
rCold   . . .      Faith    .   (no shield)
rNeg    . . .      Spirit   .   a - +0 robe
rPois   .          Reflect  .   (helmet restricted)
rElec   .          Harm     .   (no cloak)
rCorr   .          Rampage  .   (gloves unavailable)
Will    .....                   (boots unavailable)
Stlth   ++........              (no amulet)
HPRegen 0.08/turn               h - +4 ring of protection
MPRegen 0.13/turn               (no ring)

@: very quick
A: very small, no large weapons, unfitting armour, see invisible, speed 3
a: no special abilities


You were on level 4 of the Dungeon.
You visited 1 branch of the dungeon, and saw 4 of its levels.

You collected 147 gold pieces.

Inventory:

Hand Weapons
 d - a +0 dagger
 n - a +1 dagger of holy wrath (weapon)
Armour
 a - a +0 robe (worn)
 o - an orb of wrath
Jewellery
 h - a +4 ring of protection (left hand)
Scrolls
 c - a scroll of enchant armour {unknown}
 f - 2 scrolls of teleportation
 p - a scroll of fog
 q - 2 scrolls of identify
Potions
 b - 2 potions of magic
 e - a potion of brilliance {unknown}
 g - 2 potions of haste
 i - 2 potions of invisibility
 j - a potion of degeneration {unknown}
 k - 2 potions of curing
 l - 2 potions of heal wounds {unknown}
 m - 2 potions of cancellation {unknown}


   Skills:
 + Level 4.1 Dodging
 - Level 3.0 Stealth
 + Level 4.7 Spellcasting
 + Level 4.5 Summonings


You couldn't memorise any spells.
You knew the following spells:

 Your Spells              Type           Power      Damage    Failure   Level
a - Vampiric Draining     Necr           4%         2d6       38%         3
b - Call Imp              Summ           20%        N/A       3%          2
c - Call Canine Familiar  Summ           20%        N/A       6%          3
d - Summon Lightning Spi  Summ/Air       12%        N/A       47%         4
e - Summon Small Mammal   Summ           80%        N/A       2%          1

Your spell library contained the following spells:

 Spells                   Type           Power      Damage    Failure   Level
 Slow                     Hex            16%        N/A       14%         1
 Summon Guardian Golem    Hex/Summ       12%        N/A       16%         3
 Confusing Touch          Hex            4%         N/A       38%         3
 Anguish                  Hex/Necr       2%         N/A       80%         4
 Enfeeble                 Hex            2%         N/A       100%        7


Dungeon Overview and Level Annotations

Branches:
Dungeon (4/15)             Temple (0/1) D:4

Altars:

Annotations:
D:4 Menkaure


Innate Abilities, Weirdness & Mutations

You are very small and have problems with some larger weapons.
You are too small for most types of armour.
You have supernaturally acute eyesight. (SInv)
You cover ground extremely quickly. (Speed+++)


Message History

What are your orders? t - Shout!
Orders for allies: a - Attack new target. r - Retreat! s - Stop attacking. g - Guard the area. f - Follow me.
Anything else - Cancel.
Gang up on whom?
Press: ? - help, Dir - move target, f - Menkaure
Aim: Menkaure (moderately damaged, ally target) Attack!
What are your orders? t - Shout!
Orders for allies: a - Attack new target. p - Attack previous target. r - Retreat! s - Stop attacking. g - Guard the area. f - Follow me.
Anything else - Cancel.
Gang up on whom?
Press: ? - help, Dir - move target, f/p - Menkaure
Aim: Menkaure (moderately damaged, ally target) Attack!
You hit the goblin.
You kill the goblin!
Menkaure breathes soot at you. What are your orders? t - Shout!
Orders for allies: a - Attack new target. p - Attack previous target. r - Retreat! s - Stop attacking. g - Guard the area. f - Follow me.
Anything else - Cancel.
Gang up on whom?
Press: ? - help, Dir - move target, f/p - Menkaure
Aim: Menkaure (moderately damaged, ally target) Attack!
Menkaure hits you.
* * * LOW HITPOINT WARNING * * *
Your white imp barely misses Menkaure.
You feel better.
Your white imp hits Menkaure.
Your white imp freezes Menkaure.
Menkaure resists.
Menkaure hits you!!
Ouch! That really hurt!
You die...

................#................
...................>.......)..###
...<............###'##..........#
.......<........................#
.......#........................#
....... #....#...........##.#####
....... ....#...........##.#
....... ....#..5##.......#.#
....... ....#..@M........#.#
....... ........##.#...ยงยง#
....... ...........#...#.#
#...........#...#.#
#...........#...#.#
#...........#....
#......(....##.... ............
#.#####......


You could see Menkaure (ally target) and a friendly white imp (summoned).

Vanquished Creatures
  Natasha (twice) (D:2)
  2 dart slugs
  2 orcs (D:4)
  2 bats
  8 endoplasms
  4 goblins
  6 hobgoblins
  6 kobolds
  4 quokkas
  5 ball pythons
  4 frilled lizards
  5 rats
50 creatures vanquished.

Vanquished Creatures (collateral kills)
  Natasha (D:2)
  4 adders
  3 worms
  A ball python (D:1)
  2 bats (D:2)
  2 endoplasms (D:1)
  2 giant cockroaches
  2 goblins
  2 hobgoblins (D:1)
  2 quokkas (D:2)
21 creatures vanquished.

Grand Total: 71 creatures vanquished

Notes
Turn   | Place    | Note
-------+----------+-------------------------------------------
     0 | D:1      | zeram the Spriggan Summoner began the quest for the Orb.
     0 | D:1      | Reached XP level 1. HP: 9/9 MP: 5/5
   499 | D:1      | Reached XP level 2. HP: 4/13 MP: 3/6
   806 | D:1      | Learned a level 2 spell: Call Imp
  1854 | D:1      | Found a faded altar of an unknown god.
  1921 | D:1      | Reached XP level 3. HP: 13/16 MP: 8/8
  1925 | D:1      | Learned a level 3 spell: Call Canine Familiar
  2539 | D:2      | Noticed Natasha
  2545 | D:2      | Killed Natasha
  2546 | D:2      | Reached XP level 4. HP: 19/21 MP: 7/10
  2920 | D:2      | Noticed Natasha
  2938 | D:2      | Killed Natasha
  3423 | D:2      | Learned a level 4 spell: Summon Lightning Spire
  3426 | D:2      | Noticed Natasha
  3476 | D:2      | Killed Natasha
  3477 | D:2      | Reached XP level 5. HP: 5/24 MP: 1/12
  4291 | D:3      | Learned a level 3 spell: Vampiric Draining
  4921 | D:4      | Noticed Menkaure
  5454 | D:4      | Found a staircase to the Ecumenical Temple.
  5515 | D:4      | Mangled by Menkaure

Illustrated notes

Levels and vault maps discovered:
D:1:      dpeg_arrival_round_b, layout_basic, serial_forest,
          infiniplex_forest_clump_curved, infiniplex_forest_lined_4_way,
          infiniplex_forest_lined_4_way, infiniplex_forest_zigzag_1,
          infiniplex_forest_clump_C, infiniplex_forest_lined_room_3,
          infiniplex_forest_clump_C, hellmonk_ecumenical_altar_run_dry,
          chequers_serial_rivers_micro_a
D:2:      layout_basic, uniq_natasha
D:3:      layout_loops_cross, minmay_misc_feat_plants
D:4:      layout_basic, minmay_temple_entry_statues, uniq_menkaure

Skill      XL: |  1  2  3  4  5 |
---------------+----------------+-----
Spellcasting   | 3 4 |  4.7
Dodging        | 3 4 |  4.1
Summonings     | 4 |  4.5
Stealth        | |  3.0

Action                   |  1- 3 |  4- 6 || total
-------------------------+-------+-------++-------
Melee: Unarmed           |     7 |       ||     7
       Dagger            |    87 |   137 ||   224
       Punch             |     1 |     1 ||     2
 Cast: Summon Small Mamm |    16 |       ||    16
       Call Imp          |     6 |    17 ||    23
  Use: Potion            |       |     2 ||     2
       Scroll            |       |     6 ||     6
 Stab: Sleeping          |     6 |     8 ||    14
       Distracted        |       |     1 ||     1
Armor: Robe              |     9 |     9 ||    18
Dodge: Dodged            |    69 |    95 ||   164
